 Dungeon Crawl Stone Soup version 0.19.1-1-g22dce08 (console) character file.

156 Lahna the Cudgeler (level 5, -1/61 HPs)
             Began as a Demonspawn Berserker on Jan 13, 2017.
             Was a Believer of Trog.
             Slain by Edmund
             ... wielding a +2 flail of protection
              (4 damage)
             ... on level 4 of the Dungeon.
             The game lasted 00:05:53 (3311 turns).

Lahna the Cudgeler (Demonspawn Berserker)           Turns: 3311, Time: 00:05:54

Health: -1/61      AC:  2    Str: 23    XL:     5   Next: 14%
Magic:  5/5        EV: 12    Int:  8    God:    Trog [**....]
Gold:   208        SH:  0    Dex: 17    Spells: 0 memorised, 4 levels left

rFire  . . .     SeeInvis .     a - +0 mace
rCold  . . .     Gourm    .     b - +0 animal skin
rNeg   . . .     Faith    .     (no shield)
rPois  .         Spirit   .     (no helmet)
rElec  .         Reflect  .     (no cloak)
rCorr  .         Harm     .     (no gloves)
MR     .....                    (no boots)
Stlth  ..........               (no amulet)
                                (no ring)
                                t - ring of wizardry

@: berserking (expiring), very quick
A: thin skeletal structure 2, demonic guardian 1, wild magic 1, rot immunity
a: Berserk, Trog's Hand, Burn Spellbooks, Renounce Religion


You were on level 4 of the Dungeon.
You worshipped Trog.
Trog was pleased with you.
You were near starving.

You visited 1 branch of the dungeon, and saw 4 of its levels.

You collected 208 gold pieces.

Inventory:

Hand Weapons
 a - a +0 mace (weapon)
Armour
 b - a +0 animal skin (worn)
Jewellery
 t - a ring of wizardry (left hand)
Wands
 k - a wand of teleportation (1/9)
 m - a wand of random effects (12/48)
Scrolls
 d - 2 scrolls of fear {unknown}
 e - 2 scrolls of blinking {unknown}
 g - 4 scrolls of identify {unknown}
 h - 3 scrolls of teleportation {unknown}
 i - 4 scrolls of remove curse {unknown}
 j - 2 scrolls of recharging {unknown}
 l - 2 scrolls of amnesia {unknown}
 o - a scroll of enchant weapon {unknown}
 u - a scroll of magic mapping {unknown}
Potions
 n - a potion of heal wounds {unknown}
 q - a potion of might {unknown}
 r - 2 potions of flight {unknown}
Comestibles
 c - 5 bread rations
 f - a beef jerky
 p - a meat ration
 s - 3 fruits


   Skills:
 - Level 3.0 Fighting
 + Level 5.3 Maces & Flails
 - Level 1.7 Armour
 - Level 1.8 Dodging


You had 4 spell levels left.
You didn't know any spells.

Dungeon Overview and Level Annotations

Branches:
Dungeon (4/15)
 Temple: D:4-7

Altars:
Qazlal
The Shining One

Annotations:
D:4 Edmund


Innate Abilities, Weirdness & Mutations

You have a moderately thin skeletal structure. (Dex +4, Stealth+)
A weak demonic guardian rushes to your aid.
You are immune to rotting.
Your spells are a little harder to cast, but a little more powerful.


Message History

You closely miss Edmund.
Edmund is severely wounded.
Edmund hits you with a flail of protection.
You hit Edmund but do no damage.
Edmund is severely wounded.
You hit Edmund.
Edmund is severely wounded.
Your shadow imp disappears in a puff of smoke!
Edmund hits you with a flail of protection!
* * * LOW HITPOINT WARNING * * *
You barely miss Edmund.
Edmund is severely wounded.
Edmund hits you with a flail of protection!
* * * LOW HITPOINT WARNING * * *
You hit Edmund.
Edmund is almost dead.
You hit Edmund.
Edmund is almost dead.
Edmund hits you with a flail of protection.
You die...

##################
#..(.............#
#.##############.#
#.# #####.# #.#
#.....# #.#
#.###.# #5# #.#
#.# #@# #.# #.#
#@# #(# #.# #.#
#.# #.# #.# #.#
#.. ..# #.# ###
### #.#


You could see Edmund and a friendly iron imp.

Vanquished Creatures
  A hound (D:4)
  An iguana (D:4)
  4 adders
  An ooze (D:3)
  2 worms
  A dart slug (D:3)
  2 leopard geckos
  An orc (D:3)
  4 giant cockroaches
  4 hobgoblins
  A quokka (D:2)
  3 ball pythons
  5 bats (D:3)
  3 frilled lizards
  6 goblins
  8 kobolds
  3 rats
50 creatures vanquished.

Notes
Turn   | Place    | Note
-------+----------+-------------------------------------------
     0 | D:1      | Lahna the Demonspawn Berserker began the quest for the Orb.
     0 | D:1      | Reached XP level 1. HP: 18/18 MP: 1/1
   613 | D:2      | Reached skill level 3 in Maces & Flails
   701 | D:2      | Gained mutation: You are immune to rotting. [demonic ancestry]
   701 | D:2      | Reached XP level 2. HP: 24/24 MP: 2/2
  1235 | D:2      | Gained mutation: You have a somewhat thin skeletal structure. (Dex +2, Stealth) [demonic ancestry]
  1235 | D:2      | Reached XP level 3. HP: 5/29 MP: 3/3
  1238 | D:2      | Gained mutation: Your spells are a little harder to cast, but a little more powerful. [potion of mutation]
  1238 | D:2      | Gained mutation: Your magical capacity is low. (-10% MP) [potion of mutation]
  1238 | D:2      | Lost mutation: Your magical capacity is low. (-10% MP) [potion of mutation]
  1415 | D:2      | Found a glowing golden altar of the Shining One.
  1415 | D:2      | Found a stormy altar of Qazlal.
  1512 | D:2      | Reached skill level 4 in Maces & Flails
  1870 | D:3      | Reached ** piety under Trog
  2415 | D:3      | Gained mutation: You have a moderately thin skeletal structure. (Dex +4, Stealth+) [demonic ancestry]
  2415 | D:3      | Reached XP level 4. HP: 27/35 MP: 4/4
  2922 | D:4      | Reached skill level 5 in Maces & Flails
  3039 | D:4      | Gained mutation: A weak demonic guardian rushes to your aid. [demonic ancestry]
  3039 | D:4      | Reached XP level 5. HP: 9/41 MP: 5/5
  3293 | D:4      | Noticed Edmund
  3309 | D:4      | HP: 2/61 [Edmund/flail of protection (11)]
  3311 | D:4      | Slain by Edmund

Skill      XL: |  1  2  3  4 |
---------------+-------------+-----
Maces & Flails | 3 4 5 |  5.3
Fighting       | |  3.0
Armour         | |  1.7
Dodging        | |  1.8

Action                   |  1- 3 |  4- 6 || total
-------------------------+-------+-------++-------
Melee: Mace              |   123 |    64 ||   187
Invok: Berserk           |     1 |     1 ||     2
  Use: Potion            |     5 |       ||     5
 Stab: Sleeping          |     4 |     6 ||    10
       Distracted        |     1 |       ||     1
  Eat: Chunk             |     6 |     2 ||     8
Armor: Animal skin       |    22 |     6 ||    28
Dodge: Dodged            |   106 |    46 ||   152
